 Dungeon Crawl Stone Soup version 0.19.1 (webtiles) character file.

373 ringo67 the Geomancer (level 6, -7/32 HPs)
             Began as a Gargoyle Earth Elementalist on Nov 24, 2016.
             Was an Initiate of Vehumet.
             Killed by divine providence
             ... invoked by an orc priest
              (14 damage)
             ... on level 5 of the Dungeon.
             The game lasted 00:18:34 (4892 turns).

ringo67 the Geomancer (Gargoyle Earth Elementalist) Turns: 4892, Time: 00:18:34

Health: -7/32      AC:  8    Str: 11    XL:     6   Next: 72%
Magic:  16/19      EV: 12    Int: 18    God:    Vehumet [......]
Gold:   277        SH:  0    Dex: 10    Spells: 2 memorised, 7 levels left

rFire  . . .     SeeInvis .     r - +3 quarterstaff (chaos)
rCold  . . .     Gourm    .     i - +0 robe
rNeg   + . .     Faith    .     (shield currently unavailable)
rPois  ∞         Spirit   .     (no helmet)
rElec  +         Reflect  .     s - +1 cloak
rCorr  .         Harm     .     (no gloves)
MR     .....                    (no boots)
Stlth  +.........               (no amulet)
                                y - ring of loudness (curse)
                                q - ring of magical power

@: no status effects
A: negative energy resistance 1, electricity resistance, unbreathing,
petrification resistance, rot immunity, AC +4
a: Renounce Religion


You were on level 5 of the Dungeon.
You worshipped Vehumet.
Vehumet was noncommittal.
You were hungry.

You visited 2 branches of the dungeon, and saw 6 of its levels.

You collected 277 gold pieces.

Inventory:

Hand Weapons
 k - a +0 whip
 r - a +3 quarterstaff of chaos (weapon)
Missiles
 b - 130 stones (quivered)
Armour
 c - a +0 robe
 i - a +0 robe (worn)
 o - a +0 leather armour
 s - a +1 cloak (worn)
Jewellery
 q - a ring of magical power (left hand)
 y - a cursed ring of loudness (right hand)
 z - a cursed -2 ring of intelligence {unknown}
Scrolls
 a - a scroll of amnesia {unknown}
 f - 4 scrolls of identify
 g - a scroll of fog
 j - a scroll of enchant armour
 m - a scroll of teleportation
 w - a scroll of fear
Potions
 l - a potion of heal wounds {unknown}
 t - a potion of cancellation {unknown}
 u - a potion of curing {unknown}
 x - a potion of degeneration {unknown}
Books
 e - a book of Geomancy

   Spells                             Type                      Level
   a - Sandblast                      Earth                        1
   b - Passwall                       Transmutation/Earth          2
   c - Stone Arrow                    Conjuration/Earth            3
   d - Petrify                        Transmutation/Earth          4
   e - Lee's Rapid Deconstruction     Earth                        5
Comestibles
 d - 5 bread rations
 h - 5 meat rations
 n - 3 chunks of flesh


   Skills:
 - Level 1.6 Dodging
 - Level 2.2 Stealth
 - Level 0.4 Unarmed Combat
 - Level 3.0 Spellcasting
   Level 0.7 Transmutations
 + Level 8.1 Earth Magic


You had 7 spell levels left.
You knew the following spells:

 Your Spells              Type           Power        Failure   Level  Hunger
a - Sandblast             Erth           ####..       1%          1    None
b - Stone Arrow           Conj/Erth      ###...       12%         3    ###....


Dungeon Overview and Level Annotations

Branches:
Dungeon (5/15)             Temple (1/1) D:4

Altars:
Ashenzari
Cheibriados
Gozag
Hepliaklqana
Makhleb
Nemelex Xobeh
Okawaru
Sif Muna
Trog
Vehumet
The Shining One

Annotations:
D:3 Morgon's ghost, amateur DrMo
D:5 Dowan; Duvessa


Innate Abilities, Weirdness & Mutations

You are resistant to torment.
Your stone body is resilient. (AC +4)
You are immune to poison.
You resist negative energy. (rN+)
You are resistant to electric shocks. (rElec)
You can survive without breathing.
You are immune to petrification.
You are immune to rotting.


Message History

The orc priest mumbles some strange prayers to Beogh against you.
Beogh smites you!
You feel less confused.
The orc priest begins to cast a cantrip, but forgets the words!
There is an open door here.
There is a stone staircase leading up here.
Casting: Sandblast
Confirm with . or Enter, or press ? or * to list all spells.
Aiming: Stone Arrow
Press: ? - help, Shift-Dir - straight line, f - orc priest
Aim: an orc priest, wielding a flail The stone arrow hits the orc priest.
The orc priest is heavily wounded.
You are feeling hungry.
The orc priest mumbles some strange prayers to Beogh against you.
Beogh smites you!
* * * LOW HITPOINT WARNING * * *
The orc priest mumbles some strange prayers to Beogh against you.
Beogh smites you!
You die...

#......# +...... #......# #......
........+ #......# #......
........# #......# #......
........# #......# #......
.......######......#####......
#.......<.####o##............
#.........#.....#............
#.........).@...#............
#.........#....)#............
#.........##.........[.......
#######'#......##############+###
........#......# ........#......#
........#......# ........#......#
........#......#


You could see an orc priest.

Vanquished Creatures
  A water moccasin skeleton (D:4)
  A crimson imp (D:4)
  Crazy Yiuf (D:3)
  2 orc priests
  An iguana (D:4)
  An orc wizard (D:4)
  4 adders
  An ooze (D:2)
  5 worms
  3 dart slugs
  A leopard gecko (D:3)
  11 orcs
  3 bats
  8 giant cockroaches
  8 goblins
  5 hobgoblins
  8 jackals
  A quokka (D:3)
  6 frilled lizards
  A giant cockroach zombie (D:5)
  7 kobolds
  7 rats
86 creatures vanquished.

Notes
Turn   | Place    | Note
-------+----------+-------------------------------------------
     0 | D:1      | ringo67 the Gargoyle Earth Elementalist began the quest for the Orb.
     0 | D:1      | Reached XP level 1. HP: 10/10 MP: 3/3
     6 | D:1      | Noticed a centaur warrior
     6 | D:1      | Noticed a worker ant
     6 | D:1      | Noticed a komodo dragon
   398 | D:1      | Reached skill level 4 in Earth Magic
   398 | D:1      | Reached XP level 2. HP: 8/15 MP: 0/5
  1301 | D:2      | Reached XP level 3. HP: 15/19 MP: 0/6
  1617 | D:2      | Learned a level 3 spell: Stone Arrow
  1936 | D:2      | Reached skill level 5 in Earth Magic
  1936 | D:2      | Reached XP level 4. HP: 23/24 MP: 0/8
  2420 | D:3      | Found a snail-covered altar of Cheibriados.
  2450 | D:3      | Found a runed door.
  2454 | D:3      | Noticed Crazy Yiuf
  2465 | D:3      | Killed Crazy Yiuf
  2465 | D:3      | Reached XP level 5. HP: 15/28 MP: 4/9
  2811 | D:3      | Reached skill level 6 in Earth Magic
  3233 | D:3      | Noticed Morgon's ghost (amateur DrMo)
  3687 | D:4      | Found a staircase to the Ecumenical Temple.
  3705 | D:4      | Reached skill level 7 in Earth Magic
  3705 | D:4      | Reached XP level 6. HP: 32/32 MP: 10/10
  3720 | Temple   | Entered the Ecumenical Temple
  3780 | Temple   | Became a worshipper of Vehumet
  3930 | D:4      | Found a burning altar of Makhleb.
  4289 | D:5      | Entered Level 5 of the Dungeon
  4292 | D:5      | Noticed Duvessa
  4292 | D:5      | Noticed Dowan
  4462 | D:4      | HP: 1/32 [orc wizard/puff of flame (6)]
  4839 | D:5      | Reached skill level 8 in Earth Magic
  4892 | D:5      | Killed from afar by an orc priest

Skill      XL: |  1  2  3  4  5  6 |
---------------+-------------------+-----
Earth Magic    | 4 5 7 8 |  8.1
Spellcasting   | 3 |  3.0
Dodging        | |  1.6
Stealth        | |  2.2
Unarmed Combat | |  0.4
Transmutations | |  0.7

Action                   |  1- 3 |  4- 6 || total
-------------------------+-------+-------++-------
Melee: Unarmed           |    17 |       ||    17
       Whip              |     7 |     8 ||    15
       Quarterstaff      |       |    27 ||    27
Throw: Stone             |       |     1 ||     1
 Cast: Sandblast         |    71 |   128 ||   199
       Stone Arrow       |       |     6 ||     6
  Use: Scroll            |       |     9 ||     9
  Eat: Chunk             |     4 |     8 ||    12
       Beef jerky        |       |     1 ||     1
Armor: Robe              |    29 |    35 ||    64
Dodge: Dodged            |    45 |    53 ||    98
